 Dungeon Crawl Stone Soup version 0.30-a0-840-ga523dec638 (webtiles) character file.

Game seed: 15183912891452102479

77 jasper the Magician (level 4, -4/32 HPs)
             Began as a Demonspawn Hedge Wizard on Mar 1, 2023.
             Slain by Robin
             ... wielding a +0 glaive
              (11 damage)
             ... on level 2 of the Dungeon.
             The game lasted 00:03:44 (1564 turns).

jasper the Magician (Demonspawn Hedge Wizard)       Turns: 1564, Time: 00:03:44

Health: -4/32      AC:  3    Str: 11    XL:     4   Next: 14%
Magic:  2/10       EV: 12    Int: 17    God:
Gold:   48         SH:  0    Dex: 12    Spells: 2/12 levels left

rFire   . . .      SeeInvis .    h - +0 short sword (venom)
rCold   . . .      Faith    .    (no shield)
rNeg    . . .      Spirit   .    b - +0 robe
rPois   .          Reflect  .    c - +0 hat
rElec   .          Harm     .    (no cloak)
rCorr   .          Rampage  .    (no gloves)
Will    .....                    (no boots)
Stlth   ++                       (no amulet)
HPRegen 0.25/turn                (no ring)
MPRegen 0.12/turn                (no ring)

@: no status effects
A: demonic guardian 1, powered by pain 1, sharp scales 1
a: no special abilities


You were on level 2 of the Dungeon.
You visited 1 branch of the dungeon, and saw 2 of its levels.

You collected 48 gold pieces.

Inventory:

Hand Weapons
 a - a +0 dagger
 e - a +0 trident
 h - a +0 short sword of venom (weapon)
Missiles
 k - 3 poisoned darts
 m - 5 boomerangs
Armour
 b - a +0 robe (worn)
 c - a +0 hat (worn)
Jewellery
 j - a ring of positive energy
Potions
 d - a potion of magic
 f - a potion of might
 g - a potion of degeneration {unknown}
 i - 2 potions of curing {unknown}
 l - a potion of lignification {unknown}


   Skills:
 + Level 1.2 Fighting
 - Level 1.7 Dodging
 - Level 1.7 Stealth
 * Level 4.5 Spellcasting
 - Level 1.0 Conjurations
 - Level 1.0 Summonings
 - Level 0.8 Translocations


You had 2 spell levels left.
You knew the following spells:

 Your Spells              Type           Power      Damage    Failure   Level
a - Magic Dart            Conj           28%        1d4       10%         1
b - Call Imp              Summ           7%         N/A       16%         2
c - Blink                 Tloc           12%        N/A       16%         2
d - Cigotuvi's Dreadful   Necr/Pois/Air  6%         N/A       22%         2
e - Mephitic Cloud        Conj/Pois/Air  4%         N/A       36%         3

Your spell library contained the following spells:

 Spells                   Type           Power      Damage    Failure   Level
 Slow                     Hex            12%        N/A       16%         1


Dungeon Overview and Level Annotations

Branches:
Dungeon (2/15)

Altars:

Shops:
D:1 =

Annotations:
D:2 Robin


Innate Abilities, Weirdness & Mutations

A weak demonic guardian rushes to your aid.
You sometimes gain a little power by taking damage.
You are partially covered in razor-sharp scales. (AC +1, Slay +1)


Message History

The goblin goes into a battle-frenzy!
The goblin shoots a sling bullet.
The sling bullet barely misses you.
The goblin shoots a sling bullet.
The sling bullet hits you.
There is a stone staircase leading up, spattered with blood here.
You take 4 damage, and have 28/32 hp.
Robin throws the goblin at you!
The goblin unwields a +0 sling.
The goblin wields a +0 club.
The goblin hits you with a +0 club.
Things that are here:
a +0 leather armour; a +0 dagger; an orc corpse You take 2 damage, and have 26/32 hp.
The goblin attacks as you move away! The goblin hits you but does no damage.
Robin misses you.
Items here: )) [[ †.
You closely miss the goblin. Robin barely misses you.
The goblin closely misses you.
You hit the goblin.
You kill the goblin!
Robin closely misses you. Robin hits you with a +0 glaive!
A demonic guardian appears!
You see here an orc corpse.
You take 13 damage, and have 13/32 hp.
MASSIVE DAMAGE!!
You hit Robin.
Robin is poisoned.
Robin is moderately wounded.
Robin closely misses you.
You hit Robin but do no damage.
Robin is moderately wounded.
Your iron imp barely misses Robin.
The goblin closely misses you. Robin barely misses you.
You completely miss the goblin. Your punch misses the goblin.
The goblin closely misses you. Robin barely misses you.
Your iron imp hits Robin.
You hit the goblin.
The goblin is poisoned.
The goblin is severely wounded.
You kill the goblin!
Robin hits you with a +0 glaive!
* * * LOW HITPOINT WARNING * * *
Your iron imp hits Robin but does no damage.
You take 6 damage, and have 7/32 hp.
Robin attacks as you move away! Robin hits you with a +0 glaive!
You die...

#####.# #
#<))).#.#
#)##†.....
#)# ......
#@#....###
#g5...##
#.......#
#$###??..#
#. #...#
.. #..#
... .##
... # ####


You could see Robin (very poisoned, ally target) and a friendly iron imp
(summoned).

Vanquished Creatures
  An orc priest (D:2)
  A dart slug (D:1)
  3 orcs (D:2)
  7 endoplasms
  7 hobgoblins
  A quokka (D:1)
  2 ball pythons (D:1)
  4 bats (D:1)
  2 frilled lizards
  7 goblins
  4 rats
39 creatures vanquished.

Notes
Turn   | Place    | Note
-------+----------+-------------------------------------------
     0 | D:1      | jasper the Demonspawn Hedge Wizard began the quest for the
                  | Orb.
     0 | D:1      | Reached XP level 1. HP: 13/13 MP: 4/4
   129 | D:1      | Found Leiruor's Jewellery Shop.
   206 | D:1      | Gained mutation: You sometimes gain a little power by
                  | taking damage. [demonic ancestry]
   206 | D:1      | Reached XP level 2. HP: 15/19 MP: 0/6
   235 | D:1      | Learned a level 2 spell: Call Imp
   238 | D:1      | Learned a level 2 spell: Blink
   241 | D:1      | Learned a level 2 spell: Cigotuvi's Dreadful Rot
  1114 | D:1      | Reached skill level 4 in Spellcasting
  1372 | D:2      | Gained mutation: You are partially covered in razor-sharp
                  | scales. (AC +1, Slay +1) [demonic ancestry]
  1372 | D:2      | Reached XP level 3. HP: 24/24 MP: 8/8
  1376 | D:2      | Learned a level 3 spell: Mephitic Cloud
  1418 | D:2      | Reached skill level 1 in Fighting
  1492 | D:2      | Gained mutation: A weak demonic guardian rushes to your
                  | aid. [demonic ancestry]
  1492 | D:2      | Reached XP level 4. HP: 21/32 MP: 10/10
  1536 | D:2      | Noticed Robin
  1564 | D:2      | Slain by Robin

Illustrated notes

Levels and vault maps discovered:
D:1:      nagdon_arrival_zigzag_paths, layout_basic, serial_shops, shop,
          minmay_misc_feat_iff
D:2:      layout_loops_ring, minmay_tetromino_t2, uniq_robin

Skill      XL: |  1  2  3 |
---------------+----------+-----
Spellcasting   | 4 |  4.5
Fighting       | 1 |  1.2
Dodging        | |  1.7
Stealth        | |  1.7
Conjurations   | |  1.0
Summonings     | |  1.0
Translocations | |  0.8

Action                     |  1- 3 |  4- 6 || total
---------------------------+-------+-------++-------
  Melee: Dagger            |    19 |       ||    19
         Short sword       |    26 |     9 ||    35
   Cast: Magic Dart        |    63 |     6 ||    69
         Mephitic Cloud    |     1 |     2 ||     3
         Cigotuvi's Dreadf |     1 |       ||     1
    Use: Scroll            |     1 |       ||     1
   Stab: Sleeping          |     1 |       ||     1
 Armour: Robe              |    25 |     1 ||    26
  Dodge: Dodged            |    63 |    16 ||    79

Table legend: (Time is in decaauts)
 A = Elapsed time spent in this place.
 B = Non-inter-level travel time spent in this place.
 C = Inter-level travel time spent in this place.
 D = Time resting spent in this place.
 E = Time spent auto-exploring this place.
 F = Levels seen in this place.
 G = Mean time per level.
                   A        B        C        D        E       F      G
               +--------+--------+--------+--------+--------+-----+--------+
         Total |   1564 |   1523 |     41 |    121 |   1086 |   2 |  782.0 |
       Dungeon |   1564 |   1523 |     41 |    121 |   1086 |   2 |  782.0 |
               +--------+--------+--------+--------+--------+-----+--------+

Top non-repeatable levels by time:
     D:1: 1431 daAuts
     D:2: 133 daAuts
